 Dungeon Crawl Stone Soup version 0.28-a0-1638-g9123634e07 (webtiles) character file.

Game seed: 15395578579842455421

52 quinacamus the Digger (level 3, 0/31 HPs)
             Began as a Troll Earth Elementalist on Jan 21, 2022.
             Slain by an orc (6 damage)
             ... on level 3 of the Dungeon on Jan 25, 2022.
             The game lasted 00:53:54 (2509 turns).

quinacamus the Digger (Troll Earth Elementalist)    Turns: 2509, Time: 00:53:55

Health: 0/31       AC:  4    Str: 18    XL:     3   Next: 60%
Magic:  2/4        EV: 10    Int: 11    God:
Gold:   76         SH:  0    Dex: 10    Spells: 3/4 levels left

rFire   . . .      SeeInvis .   e - +5 dagger (venom)
rCold   . . .      Faith    .   (no shield)
rNeg    . . .      Spirit   .   b - +0 robe
rPois   .          Reflect  .   (helmet restricted)
rElec   .          Harm     .   (no cloak)
rCorr   .          Rampage  .   (gloves unavailable)
Will    .....                   (boots unavailable)
Stlth   +.........              (no amulet)
HPRegen 0.90/turn               (no ring)
MPRegen 0.09/turn               (no ring)

@: no status effects
A: large, unfitting armour, claws 3, regeneration 1, shaggy fur 1, tough skin 1
a: no special abilities


You were on level 3 of the Dungeon.
You visited 1 branch of the dungeon, and saw 3 of its levels.

You collected 76 gold pieces.

Inventory:

Hand Weapons
 e - a +5 dagger of venom (weapon)
 f - a +0 club
 g - a +0 whip
 l - a +0 spear
 m - a +0 short sword
Missiles
 a - 22 arrows
 c - 66 stones
 h - 3 large rocks
 i - 18 bolts
Armour
 b - a +0 robe (worn)
 k - a +0 chain mail
Scrolls
 j - a scroll of blinking {unknown}
 n - a scroll of fog {unknown}
Potions
 d - a potion of curing {unknown}


   Skills:
 + Level 0.1 Fighting
 + Level 0.2 Short Blades
 + Level 2.1 Dodging
 + Level 1.1 Stealth
 + Level 0.2 Unarmed Combat
 + Level 1.4 Spellcasting
 + Level 0.6 Transmutations
 + Level 3.4 Earth Magic


You had 3 spell levels left.
You knew the following spells:

 Your Spells              Type           Power      Damage    Failure   Level
a - Sandblast             Erth           16%        2d6       8%          1

Your spell library contained the following spells:

 Spells                   Type           Power      Damage    Failure   Level
 Passwall                 Tmut/Erth      4%         N/A       21%         2
 Stone Arrow              Conj/Erth      8%         3d7       43%         3
 Petrify                  Tmut/Erth      5%         N/A       80%         4


Dungeon Overview and Level Annotations

Branches:
Dungeon (3/15)

Altars:

Shops:
D:1 *


Innate Abilities, Weirdness & Mutations

You are too large for most types of armour.
You have claws for hands.
Your natural rate of healing is unusually fast.
You are covered in fur. (AC +1)
You have tough skin. (AC +1)


Message History

You kill the orc!
The orc hits you with a +0 falchion.
Aiming: Sandblast (safe; 8% risk of failure)
Press: ? - help, Q - select action, (/) - cycle Shift-Dir - straight line, f - orc
Aim: an orc, wielding a +0 mace and wearing a +0 ring mail (81% to hit)
The blast of sand misses the orc.
The orc hits you with a +0 falchion. The orc hits you with a +0 mace.
Aiming: Sandblast (safe; 8% risk of failure)
Press: ? - help, Q - select action, (/) - cycle Shift-Dir - straight line, p - orc The orc hits you with a +0 falchion.
The orc hits you with a +0 mace.
You don't have enough magic to cast this spell.
You don't have enough magic to cast this spell.
You don't have enough magic to cast this spell.
You don't have enough magic to cast this spell.
You barely miss the orc. The orc hits you but does no damage.
The orc closely misses you. The orc closely misses you.
The orc hits you with a +0 mace. The orc hits you with a +0 falchion.
The orc barely misses you.
The orc throws a boomerang.
The boomerang hits you. The orc hits you with a +0 mace.
The orc throws a boomerang.
The boomerang barely misses you.
You completely miss the orc. Your claw misses the orc.
The orc completely misses you.
You hit the orc.
The orc is poisoned.
The orc is moderately wounded.
The orc hits you with a +0 mace. The orc hits you with a +0 falchion.
You barely miss the orc.
The orc is moderately wounded.
The orc hits you with a +0 mace. The orc barely misses you.
You hit the orc.
The orc looks as sick as possible!
The orc is severely wounded.
The orc hits you with a +0 mace.
* * * LOW HITPOINT WARNING * * *
The orc hits you with a +0 falchion.
* * * LOW HITPOINT WARNING * * *
You hit the orc.
You kill the orc!
The orc hits you with a +0 falchion.
You die...

##...###.#h #..###.
##........#.####....#
#........##....##...#
#........###.........
#........##..######.. ..
#......)..#.####.....
.....#............#.......
........#.####.........†.....
.............@...#.##.........
.........#..o).##..#..........
...............#..>...........
...............#.##.##......
###.#...#............##......
#.....)............#####..)..
.#........##..### #......
..............# ########......
..........##### #.............


You could see an orc.

Vanquished Creatures
  A worm (D:2)
  2 dart slugs
  2 orcs (D:3)
  5 bats
  4 endoplasms
  4 goblins
  3 hobgoblins
  3 jackals (D:3)
  6 kobolds
  A quokka (D:1)
  5 ball pythons
  A frilled lizard (D:3)
  5 rats
42 creatures vanquished.

Notes
Turn   | Place    | Note
-------+----------+-------------------------------------------
     0 | D:1      | quinacamus the Troll Earth Elementalist began the quest for
                  | the Orb.
     0 | D:1      | Reached XP level 1. HP: 16/16 MP: 1/1
    69 | D:1      | Upgraded the game from 0.28-a0-1594-ga885d4b3d6 to
                  | 0.28-a0-1616-g050a50673c
   248 | D:1      | Found Xeon's General Store.
   555 | D:1      | Upgraded the game from 0.28-a0-1616-g050a50673c to
                  | 0.28-a0-1638-g9123634e07
   719 | D:1      | Reached skill level 3 in Earth Magic
   719 | D:1      | Reached XP level 2. HP: 22/24 MP: 3/3
  1354 | D:2      | Reached XP level 3. HP: 30/31 MP: 4/4
  2509 | D:3      | Slain by an orc

Illustrated notes

Levels and vault maps discovered:
D:1:      dpeg_arrival_round_b, layout_basic, serial_shops, shop,
          dreamdust_ecumenical_altar_angels_and_demons, hex_intersection
D:2:      layout_basic
D:3:      layout_rooms, uniq_crazy_yiuf_cottage

Skill      XL: |  1  2  3 |
---------------+----------+-----
Earth Magic    | 3 |  3.4
Dodging        | 2 |  2.1
Fighting       | |  0.1
Short Blades   | |  0.2
Stealth        | |  1.1
Unarmed Combat | |  0.2
Spellcasting   | |  1.4
Transmutations | |  0.6

Action                   || total
-------------------------++-------
Melee: Dagger            ||    88
       Unarmed           ||     5
 Cast: Sandblast         ||     8
  Use: Scroll            ||     2
Armor: Robe              ||    33
Dodge: Dodged            ||    71

Table legend: (Time is in decaauts)
 A = Elapsed time spent in this place.
 B = Non-inter-level travel time spent in this place.
 C = Inter-level travel time spent in this place.
 D = Time resting spent in this place.
 E = Time spent auto-exploring this place.
 F = Levels seen in this place.
 G = Mean time per level.
                   A        B        C        D        E       F      G
               +--------+--------+--------+--------+--------+-----+--------+
         Total |   2506 |   2449 |     57 |      0 |     49 |   3 |  835.3 |
       Dungeon |   2506 |   2449 |     57 |      0 |     49 |   3 |  835.3 |
               +--------+--------+--------+--------+--------+-----+--------+

Top non-repeatable levels by time:
     D:1: 1253 daAuts
     D:2: 1050 daAuts
     D:3: 201 daAuts
